 Dungeon Crawl Stone Soup version 0.15.2 (webtiles) character file.

71988 Hopiakuusi the Imperceptible (level 14, -4/59 HPs)
             Began as a Spriggan Enchanter on Feb 13, 2016.
             Was the Champion of Ashenzari.
             Killed from afar by Frances (39 damage)
             ... with an iron shot
             ... on Level 15 of the Dungeon on Feb 17, 2016.
             The game lasted 02:46:21 (33405 turns).

Hopiakuusi the Imperceptible (Spriggan Enchanter)  Turns: 33405, Time: 02:46:21

HP  -4/59        AC  9     Str  7      XL: 14   Next: 99%
MP  37/37        EV 22     Int 17      God: Ashenzari [******]
Gold 1688        SH  6     Dex 22      Spells:  6 memorised, 25 levels left

rFire  . . .     SeeInvis +     Y - +7 dagger (venom) (curse)
rCold  + . .     Clarity  +     a - +2 robe {rC+}
rNeg   . . .     rCorr    .     v - +0 buckler
rPois  .         rRot     .     V - +2 hat (curse)
rElec  .         Spirit   .     x - +2 cloak (curse)
SustAb .         Warding  .     (gloves unavailable)
rMut   .         Stasis   .     (boots unavailable)
Gourm  .                        (no amulet)
MR     ++...                    U - cursed ring of Xozawn {Wiz Str+3 Dex+1}
                                G - cursed +4 ring of slaying

@: very quick, very resistant to hostile enchantments, uncannily stealthy
A: unfitting armour, see invisible, herbivore 3, speed 3, slow metabolism 2
a: Scrying, Transfer Knowledge, Renounce Religion


You were on level 15 of the Dungeon.
You worshipped Ashenzari.
Ashenzari was exalted by your worship.
You were near starving.

You visited 3 branches of the dungeon, and saw 24 of its levels.

You collected 1868 gold pieces.
You spent 180 gold pieces at shops.

Inventory:

Hand weapons
 E - a +2 dagger of speed
 Y - a cursed +7 dagger of venom (weapon)
Armour
 a - a +2 robe of cold resistance (worn)
 c - a +0 cloak of magic resistance
 v - a +0 buckler (worn)
 x - a cursed +2 cloak (worn)
 V - a cursed +2 hat (worn)
Magical devices
 f - a wand of teleportation (5)
 h - a wand of enslavement (18) {unknown}
 i - a wand of disintegration (10)
 n - a wand of flame (13)
 w - a wand of fireball (5) {unknown}
 y - a wand of lightning (7)
 A - a wand of frost (16)
 K - a wand of paralysis (1)
 M - a wand of magic darts (12)
Comestibles
 B - 8 fruits
 J - 16 bread rations
Scrolls
 j - a scroll of vulnerability
 r - 2 scrolls of fear
 s - 2 scrolls of recharging
 F - 7 scrolls of identify
 I - a scroll of blinking
 L - 6 scrolls of curse weapon
 N - a scroll of brand weapon
 O - 2 scrolls of magic mapping
 P - a scroll of amnesia
 S - 10 scrolls of remove curse
 W - 6 scrolls of teleportation
 Z - 2 scrolls of curse jewellery
Jewellery
 g - an uncursed ring of see invisible
 k - a +2 ring of slaying
 l - an uncursed ring of fire
 u - an uncursed ring of teleportation
 G - a cursed +4 ring of slaying (left hand)
 Q - a +4 ring of evasion
 U - the cursed ring of Xozawn (right hand) {Wiz Str+3 Dex+1}
   (You found it on level 7 of the Lair of Beasts)

   [ring of wizardry]

   It improves your spell success rate.
   It affects your strength (+3).
   It affects your dexterity (+1).
   It has a curse placed upon it.
 X - an uncursed ring of stealth
Potions
 d - 2 potions of porridge
 e - 4 potions of heal wounds
 m - 12 potions of curing
 o - 4 potions of cancellation
 p - 5 potions of restore abilities
 z - a potion of berserk rage
 C - 2 potions of magic
 D - 3 potions of brilliance
 H - 2 potions of might
 R - 3 potions of haste
Books
 b - a book of Air

   Spells                             Type                      Level
   Shock                              Conjuration/Air              1
   Swiftness                          Charms/Air                   2
   *Repel Missiles                    Charms/Air                   2
   *Flight                            Charms/Air                   3
   Static Discharge                   Conjuration/Air              3
   Lightning Bolt                     Conjuration/Air              5
Miscellaneous
 q - a box of beasts
 t - a stone of tremors


   Skills:
 - Level 0.2 Fighting
 * Level 9.5(13.8) Short Blades
 - Level 3.0(5.6) Dodging
 - Level 22.4(24.5) Stealth
 + Level 13.7 Spellcasting
 + Level 13.9(16.5) Hexes
 + Level 9.6(12.5) Ice Magic
 - Level 0.4(1.5) Evocations


You had 25 spell levels left.
You knew the following spells:

 Your Spells              Type           Power        Failure   Level  Hunger
a - Corona                Hex            ######.      0%          1    None
b - Ensorcelled Hibernat  Hex/Ice        ######       1%          2    None
c - Confuse               Hex            ######..     1%          3    None
d - Enslavement           Hex            ######..     1%          4    #......
e - Repel Missiles        Chrm/Air       ##....       4%          2    None
f - Flight                Chrm/Air       ##........   9%          3    None


Dungeon Overview and Level Annotations

Branches:
Dungeon (15/15)            Temple (1/1) D:6             Orc (0/4) D:9
   Lair (8/8) D:11          Swamp (0/5) Lair:5        Snake (0/5) Lair:4
  Slime (0/6) Lair:8       Vaults (0/5) D:14
 Depths: D:15

Altars:
Ashenzari
Cheibriados
Dithmenos
Elyvilon
Fedhas
Kikubaaqudgha
Makhleb
Nemelex Xobeh
Okawaru
Qazlal
Sif Muna
Trog
Vehumet
Xom
Yredelemnul
Zin
The Shining One
Beogh
Jiyva
Lugonu

Shops:
D:9 ((   D:11 (   D:12 %

Portals:
Trove: D:12 (give 18 scrolls of identify)

Annotations:
D:12 Fannar, Josephine
D:15 Frances
Lair:1 exclusion: 2 oklob plants


Innate Abilities, Weirdness & Mutations

You are tiny and cannot use many weapons and most armour.
You have supernaturally acute eyesight.
You are a herbivore.
You cover ground extremely quickly.
You need consume almost no food.


Message History

You hit the iron devil but do no damage.
The iron devil is heavily wounded.
The iron devil barely misses you. x2
You closely miss the iron devil.
The iron devil is heavily wounded.
You hit the iron devil but do no damage.
The iron devil is heavily wounded.
You hit the iron devil but do no damage.
The iron devil is heavily wounded.
The blue devil swoops through the air toward you!
The blue devil hits you! The iron devil barely misses you.
You block the iron devil's attack.
Casting: Ensorcelled Hibernation
Confirm with . or Enter, or press ? or * to list all spells.
Okay, then.
The iron devil disappears in a puff of smoke!
Frances mutters in a terrible tongue.
The iron shot hits you!
Ouch! That really hurt!
You die...

############# .............#
###......#.#** ##### #...#....#.#
###...#####
..###......###...#.#...##
#####...#..#...###...#..######
....z...##...### ######......#
........##.######## #...#..####
.......###......@4# #.)........
.....#.# ########.# #...#.....#
....%#.# #§### ####.####.#
.....#.##########@4.# ,..#..{#.#
.....#..............#####.∆...#.#
...%.#......)..........## * ..#..
.....#..............)..# ,*.#.#.
.....#..........)......#*{, .# .
.....#<##########......#** **, ,o


You could see Frances and 2 blue devils.

Vanquished Creatures
  Gastronok (Lair:1)
  3 vault guards (D:13)
  7 hydras
  Erica (Lair:7)
  4 centaur warriors
  11 death yaks (Lair:8)
  2 tengu warriors
  Nergalle (Lair:6)
  4 catoblepae
  4 skeletal warriors (D:15)
  2 unseen horrors
  6 hill giants
  A swamp dragon (Lair:5)
  A cyclops (D:14)
  2 oklob plants (Lair:1)
  2 centaur zombies
  A griffon (Lair:4)
  A manticore (D:14)
  3 ugly things
  Maurice (D:10)
  2 gargoyles
  Joseph (D:8)
  2 black mambas
  An elephant (Lair:8)
  Psyche (D:11)
  12 spiny frogs
  12 komodo dragons
  A tengu conjurer (D:14)
  An efreet (D:13)
  Grinder (D:4)
  5 trolls
  Sonja (D:10)
  4 slime creatures (D:12)
  A jumping spider (shapeshifter) (D:15)
  A baby alligator (Lair:5)
  A hydra skeleton (D:12)
  8 blink frogs
  3 two-headed ogres
  3 ravens
  A trapdoor spider (D:14)
  3 basilisks
  52 yaks
  17 hippogriffs
  A wraith (D:10)
  A fire dragon skeleton (D:14)
  A hill giant zombie (D:14)
  A spriggan (D:8)
  2 wyverns
  A deep elf mage (D:10)
  A steam dragon (D:11)
  2 vampire mosquitoes
  A hill giant skeleton (D:11)
  2 swamp worms (Lair:4)
  Edmund (D:8)
  An ogre zombie (D:13)
  4 nagas (Lair:4)
  12 water moccasins
  A sky beast (D:13)
  5 wolves (Lair:3)
  An ogre skeleton (D:14)
  9 orc warriors
  4 ice beasts
  2 black bears
  2 phantoms (D:11)
  9 porcupines
  6 centaurs
  4 ogres
  20 crocodiles
  Sigmund (D:4)
  A yaktaur zombie (D:12)
  12 giant frogs
  2 big kobolds (D:9)
  A komodo dragon skeleton (D:12)
  2 scorpions
  An eye of draining (Lair:8)
  A water moccasin skeleton (D:6)
  9 wights
  2 tengu skeletons
  7 crimson imps
  2 electric eels
  4 goliath beetles
  A giant frog zombie (D:12)
  11 orc priests
  A giant frog skeleton (D:9)
  12 hounds
  Crazy Yiuf (D:3)
  7 jellies
  A centaur skeleton (D:8)
  11 orange rats (Lair:3)
  20 iguanas
  7 orc wizards
  5 worker ants
  15 sheep
  A basilisk simulacrum (D:12)
  Terence (D:1)
  24 adders
  5 shadow imps
  49 green rats
  3 worms
  A giant mite (D:5)
  12 white imps (Lair:3)
  4 giant geckos
  55 orcs
  17 bats
  A gnoll zombie (D:6)
  9 goblins
  15 hobgoblins
  21 jackals
  14 quokkas
  A ball python (D:4)
  3 giant cockroaches
  4 giant newts
  A giant spore (D:6)
  19 kobolds
  An orc skeleton (D:6)
  27 rats
  A rat skeleton (D:6)
  A rat zombie (D:6)
  2 ballistomycetes (D:6)
  A fungus (D:3)
716 creatures vanquished.

Vanquished Creatures (others)
  9 fungi
  21 plants (Lair:8)
30 creatures vanquished.

Grand Total: 746 creatures vanquished

Notes
Turn   | Place    | Note
--------------------------------------------------------------
     0 | D:1      | Hopiakuusi, the Spriggan Enchanter, began the quest for the Orb.
     0 | D:1      | Reached XP level 1. HP: 9/9 MP: 4/4
   552 | D:2      | Reached XP level 2. HP: 13/13 MP: 8/8
   554 | D:2      | Noticed Terence
   568 | D:1      | Learned a level 2 spell: Ensorcelled Hibernation
   582 | D:1      | Killed Terence
   790 | D:2      | Reached XP level 3. HP: 11/16 MP: 4/12
  1657 | D:2      | Found a shimmering altar of Xom.
  1657 | D:2      | Found a stormy altar of Qazlal.
  1691 | D:2      | Reached skill level 5 in Spellcasting
  1722 | D:2      | Reached XP level 4. HP: 21/21 MP: 17/17
  1845 | D:3      | Learned a level 3 spell: Confuse
  2660 | D:3      | Found a snail-covered altar of Cheibriados.
  3151 | D:3      | Noticed Crazy Yiuf
  3161 | D:3      | Killed Crazy Yiuf
  3161 | D:3      | Reached skill level 6 in Spellcasting
  3480 | D:4      | Noticed a hippogriff
  3505 | D:3      | Reached XP level 5. HP: 12/24 MP: 8/20
  3681 | D:3      | Killed a hippogriff
  3681 | D:3      | Reached XP level 6. HP: 11/28 MP: 8/22
  4038 | D:4      | Noticed Grinder
  4066 | D:4      | Killed Grinder
  4066 | D:4      | Reached XP level 7. HP: 32/32 MP: 16/24
  4082 | D:4      | Noticed an ice beast
  4098 | D:4      | Killed an ice beast
  4272 | D:4      | Reached skill level 5 in Stealth
  4313 | D:4      | Noticed Sigmund
  4319 | D:4      | Killed Sigmund
  4319 | D:4      | Reached skill level 1 in Ice Magic
  4556 | D:4      | Found an iron altar of Okawaru.
  4777 | D:5      | Entered Level 5 of the Dungeon
  4841 | D:5      | Learned a level 4 spell: Enslavement
  5606 | D:6      | Found a staircase to the Ecumenical Temple.
  5617 | Temple   | Entered the Ecumenical Temple
  5629 | Temple   | Became a worshipper of Ashenzari the Shackled
  5717 | D:6      | Found a white marble altar of Elyvilon.
  6673 | D:6      | Reached skill level 7 in Stealth
  6675 | D:6      | Found a glowing silver altar of Zin.
  6675 | D:6      | Noticed an angel
  6697 | D:6      | Reached XP level 8. HP: 36/36 MP: 25/25
  6761 | D:6      | Reached skill level 5 in Hexes
  7088 | D:6      | Reached skill level 8 in Stealth
  7393 | D:7      | Reached skill level 9 in Stealth
  7788 | D:7      | Reached skill level 10 in Stealth
  8315 | D:8      | Noticed Edmund
  8321 | D:8      | Reached XP level 9. HP: 36/39 MP: 27/27
  8334 | D:8      | Killed Edmund
  8374 | D:8      | Found a blossoming altar of Fedhas.
  8523 | D:8      | Reached skill level 11 in Stealth
  8968 | D:8      | Noticed Joseph
  8974 | D:8      | Killed Joseph
  8974 | D:8      | Reached skill level 5 in Ice Magic
  9246 | D:8      | Reached skill level 12 in Stealth
  9481 | D:8      | Reached XP level 10. HP: 41/44 MP: 10/28
  9649 | D:8      | Reached skill level 13 in Stealth
 10244 | D:9      | Found Teismoj's Antique Weapon Emporium.
 10453 | D:9      | Noticed a hill giant
 10474 | D:9      | Killed a hill giant
 10554 | D:9      | Acquired Ashenzari's first power
 10612 | D:9      | Reached skill level 14 in Stealth
 10740 | D:9      | Found Efyad's Antique Weapon Shop.
 10800 | D:9      | Found a roughly hewn altar of Beogh.
 10927 | D:9      | Found a staircase to the Orcish Mines.
 11701 | D:9      | Found a shadowy altar of Dithmenos.
 11842 | D:10     | Entered Level 10 of the Dungeon
 11846 | D:10     | Noticed a hill giant
 12228 | D:9      | Reached skill level 15 in Stealth
 12228 | D:9      | Reached XP level 11. HP: 30/47 MP: 19/31
 12458 | D:10     | Noticed Sonja
 12465 | D:10     | Killed Sonja
 12618 | D:10     | Identified the cursed +2 hand axe "Fymaps" {freeze, rC+}
 12854 | D:10     | Killed a hill giant
 13091 | D:10     | Found a shimmering altar of Xom.
 13100 | D:10     | Identified the Reference Book on Darkness and Damage Dealing (You found it on level 10 of the Dungeon)
 13313 | D:10     | Noticed Maurice
 13319 | D:10     | Killed Maurice
 13606 | D:11     | Acquired Ashenzari's second power
 13612 | D:11     | Found Heutolo's Antique Weapon Boutique.
 13613 | D:11     | Noticed Psyche
 13621 | D:11     | Killed Psyche
 13621 | D:11     | Reached skill level 16 in Stealth
 14433 | D:11     | Found a staircase to the Lair.
 14619 | Lair:1   | Entered Level 1 of the Lair of Beasts
 15033 | Lair:1   | Reached skill level 17 in Stealth
 15147 | Lair:1   | Reached skill level 10 in Hexes
 15350 | Lair:1   | Found a stormy altar of Qazlal.
 15398 | Lair:1   | Noticed Gastronok
 15434 | Lair:1   | Killed Gastronok
 15434 | Lair:1   | Reached XP level 12. HP: 34/51 MP: 22/33
 15486 | Lair:1   | Reached skill level 10 in Spellcasting
 16703 | Lair:2   | Found a labyrinth entrance.
 16803 | Lair:2   | Acquired Ashenzari's third power
 16970 | Lair:2   | Reached skill level 18 in Stealth
 17437 | Lair:3   | Found a frozen archway.
 18351 | Lair:3   | Noticed a seven-headed hydra
 18358 | Lair:3   | Killed a seven-headed hydra
 19387 | Lair:4   | Reached skill level 19 in Stealth
 19587 | Lair:4   | Found a staircase to the Snake Pit.
 19995 | Lair:5   | Acquired Ashenzari's fourth power
 20111 | Lair:5   | Noticed a six-headed hydra
 20121 | Lair:5   | Killed a six-headed hydra
 20224 | Lair:5   | Reached XP level 13. HP: 48/55 MP: 34/34
 20258 | Lair:5   | Found a staircase to the Swamp.
 20598 | Lair:5   | Reached skill level 20 in Stealth
 20669 | Lair:5   | Noticed a seven-headed hydra
 20677 | Lair:5   | Killed a seven-headed hydra
 21706 | Lair:6   | Noticed Nergalle
 21712 | Lair:6   | Killed Nergalle
 22456 | Lair:7   | Noticed Erica
 22463 | Lair:7   | Killed Erica
 22463 | Lair:7   | Reached skill level 21 in Stealth
 22724 | Lair:7   | Identified the cursed ring of Xozawn {Wiz Str+3 Dex+1}
 23069 | Lair:8   | Entered Level 8 of the Lair of Beasts
 23069 | Lair:8   | Found a glowing golden altar of the Shining One.
 23279 | Lair:8   | Found a viscous altar of Jiyva.
 23446 | Lair:8   | Found a staircase to the Slime Pits.
 25479 | Lair:8   | Reached XP level 14. HP: 22/59 MP: 31/36
 25721 | Lair:8   | Reached skill level 22 in Stealth
 26774 | D:12     | Learned a level 2 spell: Repel Missiles
 26778 | D:12     | Learned a level 3 spell: Flight
 26966 | D:12     | Identified the ring "Beet Able" {SustAb rC+}
 27021 | D:12     | Noticed Josephine
 27022 | D:12     | Noticed Fannar
 27468 | D:12     | Found a bloodstained altar of Trog.
 28038 | D:12     | Found Atzaef's Food Boutique.
 28047 | D:12     | Bought a bread ration for 60 gold pieces
 28047 | D:12     | Bought a bread ration for 60 gold pieces
 28047 | D:12     | Bought a bread ration for 60 gold pieces
 28086 | D:12     | Found a portal to a secret trove of treasure.
 30575 | D:14     | Found a gate to the Vaults.
 31664 | D:14     | Identified a scroll of acquirement
 32555 | D:15     | Entered Level 15 of the Dungeon
 33362 | D:15     | Noticed Frances
 33405 | D:15     | Killed from afar by Frances

Action                   |  1- 3 |  4- 6 |  7- 9 | 10-12 | 13-15 || total
-------------------------+-------+-------+-------+-------+-------++-------
Melee: Dagger            |    83 |   101 |   210 |   549 |   437 ||  1380
 Cast: Ensorcelled Hiber |    22 |    23 |    91 |   217 |   266 ||   619
       Confuse           |       |    16 |     6 |    39 |    73 ||   134
Evoke: Wand              |       |       |     3 |     1 |     1 ||     5
  Use: Scroll            |       |    10 |     8 |    21 |    14 ||    53
       Potion            |       |       |       |     6 |     5 ||    11
 Stab: Sleeping          |    24 |    21 |    83 |   199 |   158 ||   485
       Confused          |       |     7 |     5 |    23 |    21 ||    56
       Distracted        |       |       |     1 |     4 |    12 ||    17
  Eat: Bread ration      |       |     1 |       |       |       ||     1
       Fruit             |       |       |       |     5 |     8 ||    13
       Pizza             |       |       |       |     5 |       ||     5
       Royal jelly       |       |       |       |       |     1 ||     1
